Map: Daybreak LE (Void)

Players

SneakyBear - Winner!

  • Race: Zerg Zerg
  • League: Bronze
  • Spawn Location: 7:00

A.I. 1 (Very Easy)

  • Race: Terran Terran
  • Spawn Location: 1:00

VOD

Have the link to the VOD?

Description

Time

  • Played on: Dec. 31, 2016, 8:57 p.m.
  • Length: 7:40
Show
View Real Time Build Order
Export as new Build Order

SneakyBear Zerg - Winner!

Build Orders: Hatch First 

Get SALT Encoding   

  12  0:01  Drone  
  13  0:14  Overlord  
  13  0:21  Drone  
  14  0:33  Drone x2  
  16  0:37  Drone  
  17  0:47  Drone  
  18  0:59  Drone  
  18  1:01  Hatchery  
  19  1:11  Drone  
  19  1:16  Extractor  
  18  1:20  Drone  
  18  1:21  Spawning Pool  
  18  1:30  Overlord  
  18  1:41  Drone  
  19  1:56  Drone  
  20  2:06  Drone  
  21  2:09  Queen  
  23  2:18  Hatchery  
  22  2:26  Drone x4  
  26  2:38  Overlord x2  
  26  2:56  Zergling x4  
  28  2:59  Drone  
  28  3:00  Drone  
  28  3:03  Queen  
  32  3:11  Queen  
  34  3:17  Drone x2  
  34  3:19  Drone x2  
  38  3:27  Baneling Nest  
  38  3:28  Drone  
  38  3:34  Extractor  
  38  3:35  Drone  
  38  3:36  Drone  
  38  3:37  Drone x2  
  38  3:39  Drone  
  42  3:48  Queen  
  44  3:54  Drone  
  44  3:55  Drone x3  
  48  4:09  Zergling x4  
  50  4:14  Overlord x4  
  50  4:18  Metabolic Boost  
  50  4:23  Lair  
  50  4:43  Zergling x8  
  50  4:44  Zergling x10  
  59  4:53  Zergling x4  
  61  5:14  Zergling x2  
  61  5:15  Zergling x20  
  61  5:21  Centrifical Hooks  
  72  5:25  Overlord x2  
  72  5:26  Zergling x2  
  73  5:32  Baneling x4  
  73  5:33  Baneling x4  
  73  5:34  Baneling x3  
  73  5:44  Zergling x6  
  73  5:45  Zergling x16  
  73  5:48  Zergling x2  
  85  5:58  Baneling x4  
  85  5:59  Baneling x7  
  85  6:00  Baneling x2  
  85  6:06  Zergling x2  
  85  6:07  Zergling x6  
  89  6:54  Zergling x14  
  89  6:55  Zergling x4  
Show
View Real Time Build Order
Export as new Build Order

A.I. 1 (Very Easy) Terran 

Build Orders:  

Get SALT Encoding   

  12  0:00  SCV  
  13  0:13  SCV  
  14  0:19  Supply Depot  
  14  0:37  Refinery  
  14  0:46  Barracks  
  14  1:04  Supply Depot  
  14  1:13  Refinery  
  14  1:31  SCV  
  15  1:33  Marine  
  16  1:43  SCV  
  17  1:55  SCV  
  18  2:04  Marine  
  18  2:07  SCV  
  20  2:19  SCV  
  21  2:31  SCV  
  21  2:36  Marine  
  23  2:43  Orbital Command  
  23  5:43  SCV  
  23  5:44  Marine  
  23  5:45  Supply Depot  
  23  5:47  Factory  
  25  5:51  Command Center  
  25  6:07  SCV  
  25  6:10  Supply Depot  
  26  6:18  Barracks Tech Lab  
  26  6:19  SCV  
  27  6:31  SCV  
  28  6:33  Starport  
  28  6:36  Marine  
  27  6:43  SCV  
  27  7:04  SCV  
  27  7:09  Marine  
  27  7:11  SCV  
  27  7:12  Refinery, Starport Tech Lab  
  29  7:16  Refinery  
  29  7:19  SCV  
Tags
 
League
Bronze
Matchup
TvZ
Spawn Locations
Cross Positions
Add a new tag
Caveats
  • Supply blocks, unpowered buildings, or Contaminate may cause inaccurate times.
  • Supply counts are checked every 10 seconds.